TOP OF THE 1ST |
Connecticut Tigers batting - Pitching for Minnesota (NYP) Twins : LHP Willie Jimenez
|
Pitching: LHP Willie Jimenez
|
|
Batting: RHB Janne Vihko
|
0-0: Foul Ball, location: 2F 0-1: Ball 1-1: Swinging Strike 1-2: DOUBLE (Flyball, 8RD, EV 90.6 MPH)
|
Batting: RHB Tony Nunez
|
0-0: Ball 1-0: Called Strike 1-1: Foul Ball, location: 2F 1-2: Foul Ball, location: 2F 1-2: Foul Ball, location: 2F 1-2: Strikes out swinging
|
Batting: RHB Jaden Warrior
|
0-0: Ball 1-0: Called Strike 1-1: Ball 2-1: Ball 3-1: Swinging Strike 3-2: Strikes out swinging
|
Batting: RHB Gabe Higley
|
0-0: Ball 1-0: Ball 2-0: Called Strike 2-1: Ball 3-1: Foul Ball, location: 2F 3-2: DOUBLE (Line Drive, 78D, EV 102.5 MPH) Janne Vihko scores
|
Batting: RHB Jordan Hall
|
0-0: Called Strike 0-1: Ball 1-1: Fly out, F1 (Line Drive, P, EV 66.9 MPH)
|
Top of the 1st over - 1 run, 2 hits, 0 errors, 1 left on base; Connecticut 1 - Minnesota (NYP) 0 |
BOTTOM OF THE 1ST |
Minnesota (NYP) Twins batting - Pitching for Connecticut Tigers : RHP T.J. McCullough
|
Pitching: RHP T.J. McCullough
|
|
Batting: RHB Caleb Bockmann
|
0-0: Ground out 6-3 (Groundball, 56, EV 86.2 MPH)
|
Batting: RHB Tim Carter
|
0-0: Ground out 5-3 (Groundball, 5, EV 80.0 MPH)
|
Batting: LHB Tomas Espino
|
0-0: Ball 1-0: Ball 2-0: Called Strike 2-1: Ball 3-1: Foul Ball, location: 2F 3-2: Base on Balls
|
Batting: SHB Chris Hull
|
0-0: Called Strike 0-1: Ball 1-1: Foul Ball, location: 2F 1-2: Ball 2-2: SINGLE (Groundball, 34D, EV 98.1 MPH) Tomas Espino to second Runner from 2nd tries for 3rd, SAFE, throw by RF made to third
|
Batting: RHB David McClellan
|
0-0: Fielders Choice at 2nd, 5-4 (Groundball, 5, EV 104.4 MPH)
|
Bottom of the 1st over - 0 runs, 1 hit, 0 errors, 2 left on base; Connecticut 1 - Minnesota (NYP) 0 |
TOP OF THE 2ND |
Connecticut Tigers batting - Pitching for Minnesota (NYP) Twins : LHP Willie Jimenez
|
Batting: RHB Kaleb Yerger
|
0-0: Ball 1-0: Ball 2-0: Foul Ball, location: 2F 2-1: Ball 3-1: Swinging Strike 3-2: Foul Ball, location: 2F 3-2: Strikes out swinging, 2-3 out at first.
|
Batting: SHB Eisse Wijnja
|
0-0: Ball 1-0: Called Strike 1-1: Foul Ball, location: 2F 1-2: Strikes out swinging
|
Batting: RHB Jonathan Ridgely
|
0-0: Swinging Strike 0-1: Ball 1-1: Foul Ball, location: 2F 1-2: DOUBLE (Line Drive, 89D, EV 110.0 MPH)
|
Batting: SHB Ian Arlotta
|
0-0: Ball 1-0: Called Strike 1-1: Ball 2-1: Ball 3-1: Base on Balls
|
Batting: RHB Janne Vihko
|
0-0: Ball 1-0: SINGLE (Groundball, 4D, EV 99.4 MPH) Jonathan Ridgely to third Ian Arlotta to second Runner from 3rd tries for Home, SAFE, throw by RF to home
|
Batting: RHB Tony Nunez
|
0-0: Ball 1-0: Called Strike 1-1: Ball 2-1: Swinging Strike 2-2: Strikes out swinging
|
Top of the 2nd over - 1 run, 2 hits, 0 errors, 2 left on base; Connecticut 2 - Minnesota (NYP) 0 |
BOTTOM OF THE 2ND |
Minnesota (NYP) Twins batting - Pitching for Connecticut Tigers : RHP T.J. McCullough
|
Batting: RHB Ryan Starks
|
0-0: Called Strike 0-1: Ball 1-1: Ground out U3 (Groundball, 34S, EV 72.5 MPH)
|
Batting: LHB David Ramos
|
0-0: SINGLE (Groundball, 56D, EV 106.9 MPH)
|
Batting: RHB Willie Jimenez
|
0-0: Fielders Choice at 2nd, 4-6 (Groundball, 34, EV 95.0 MPH)
|
Batting: LHB Jose Hilario
|
0-0: Ball 1-0: Called Strike 1-1: Called Strike 1-2: Ground out U3 (Groundball, 34S, EV 70.6 MPH)
|
Bottom of the 2nd over - 0 runs, 1 hit, 0 errors, 1 left on base; Connecticut 2 - Minnesota (NYP) 0 |
TOP OF THE 3RD |
Connecticut Tigers batting - Pitching for Minnesota (NYP) Twins : LHP Willie Jimenez
|
Batting: RHB Jaden Warrior
|
0-0: Ball 1-0: Foul Ball, location: 2F 1-1: Foul Ball, location: 2F 1-2: Strikes out swinging
|
Batting: RHB Gabe Higley
|
0-0: Called Strike 0-1: Ball 1-1: Swinging Strike 1-2: Strikes out swinging
|
Batting: RHB Jordan Hall
|
0-0: Called Strike 0-1: Swinging Strike 0-2: Ball 1-2: Strikes out swinging
|
Top of the 3rd over - 0 runs, 0 hits, 0 errors, 0 left on base; Connecticut 2 - Minnesota (NYP) 0 |
BOTTOM OF THE 3RD |
Minnesota (NYP) Twins batting - Pitching for Connecticut Tigers : RHP T.J. McCullough
|
Batting: RHB Caleb Bockmann
|
0-0: Ball 1-0: Called Strike 1-1: Foul Ball, location: 2F 1-2: Fly out, F8 (Flyball, 8RXD, EV 85.0 MPH)
|
Batting: RHB Tim Carter
|
0-0: Swinging Strike 0-1: Ball 1-1: SINGLE (Groundball, 6M, EV 106.2 MPH) (infield hit)
|
Batting: LHB Tomas Espino
|
0-0: Called Strike 0-1: Ball 1-1: Ball Tim Carter steals 2nd base 2-1: Called Strike 2-2: Foul Ball, location: 2F 2-2: Ball 3-2: Foul Ball, location: 2F 3-2: Fly out, F7 (Line Drive, 7LS, EV 101.9 MPH)
|
Batting: SHB Chris Hull
|
0-0: Ball 1-0: Called Strike 1-1: Foul Ball, location: 2F 1-2: Ball 2-2: SINGLE (Groundball, 3D, EV 98.8 MPH) Tim Carter to third Runner from 3rd tries for Home, SAFE, throw by RF to home
|
Batting: RHB David McClellan
|
0-0: Fielders Choice at 2nd, 6-4 (Groundball, 6, EV 85.6 MPH)
|
Bottom of the 3rd over - 1 run, 2 hits, 0 errors, 1 left on base; Connecticut 2 - Minnesota (NYP) 1 |
TOP OF THE 4TH |
Connecticut Tigers batting - Pitching for Minnesota (NYP) Twins : LHP Willie Jimenez
|
Batting: RHB Kaleb Yerger
|
0-0: Foul Ball, location: 2F 0-1: Called Strike 0-2: Strikes out looking
|
Batting: SHB Eisse Wijnja
|
0-0: Called Strike 0-1: Ball 1-1: Foul Ball, location: 2F 1-2: Ground out 6-3 (Groundball, 6, EV 84.4 MPH)
|
Batting: RHB Jonathan Ridgely
|
0-0: Called Strike 0-1: Swinging Strike 0-2: Foul Ball, location: 2F 0-2: Strikes out looking
|
Top of the 4th over - 0 runs, 0 hits, 0 errors, 0 left on base; Connecticut 2 - Minnesota (NYP) 1 |
BOTTOM OF THE 4TH |
Minnesota (NYP) Twins batting - Pitching for Connecticut Tigers : RHP T.J. McCullough
|
Batting: RHB Ryan Starks
|
0-0: Ball 1-0: Ball 2-0: Ball 3-0: Called Strike 3-1: Called Strike 3-2: Ground out 5-3 (Groundball, 5, EV 97.5 MPH)
|
Batting: LHB David Ramos
|
0-0: Swinging Strike 0-1: Foul Ball, location: 2F 0-2: Ground out 4-3 (Groundball, 4M, EV 83.1 MPH)
|
Batting: RHB Willie Jimenez
|
0-0: Ball 1-0: Fly out, F6 (Popup, 6MD, EV 68.8 MPH)
|
Bottom of the 4th over - 0 runs, 0 hits, 0 errors, 0 left on base; Connecticut 2 - Minnesota (NYP) 1 |
TOP OF THE 5TH |
Connecticut Tigers batting - Pitching for Minnesota (NYP) Twins : LHP Willie Jimenez
|
Batting: SHB Ian Arlotta
|
0-0: Called Strike 0-1: Foul Ball, location: 2F 0-2: Strikes out swinging
|
Batting: RHB Janne Vihko
|
0-0: Ground out 6-3 (Groundball, 6, EV 85.6 MPH)
|
Batting: RHB Tony Nunez
|
0-0: Ball 1-0: Ball 2-0: Ground out 4-3 (Groundball, 4, EV 83.1 MPH)
|
Top of the 5th over - 0 runs, 0 hits, 0 errors, 0 left on base; Connecticut 2 - Minnesota (NYP) 1 |
BOTTOM OF THE 5TH |
Minnesota (NYP) Twins batting - Pitching for Connecticut Tigers : RHP T.J. McCullough
|
Batting: LHB Jose Hilario
|
0-0: Called Strike 0-1: Foul Ball, location: 2F 0-2: Ball 1-2: Ball 2-2: Ball 3-2: Ground out 4-3 (Groundball, 4, EV 100.6 MPH)
|
Batting: RHB Caleb Bockmann
|
0-0: Ball 1-0: Ground out 4-3 (Groundball, 4, EV 103.8 MPH)
|
Batting: RHB Tim Carter
|
0-0: Ball 1-0: Ball 2-0: Ground out 5-3 (Groundball, 5L, EV 85.0 MPH)
|
Bottom of the 5th over - 0 runs, 0 hits, 0 errors, 0 left on base; Connecticut 2 - Minnesota (NYP) 1 |
TOP OF THE 6TH |
Connecticut Tigers batting - Pitching for Minnesota (NYP) Twins : LHP Willie Jimenez
|
Batting: RHB Jaden Warrior
|
0-0: Foul Ball, location: 2F 0-1: Ball 1-1: Ball 2-1: Fly out, F9 (Flyball, 89S, EV 91.2 MPH)
|
Batting: RHB Gabe Higley
|
0-0: Called Strike 0-1: Ball 1-1: Fly out, F2 (Popup, 2RF, EV 87.5 MPH)
|
Batting: RHB Jordan Hall
|
0-0: Ball 1-0: Called Strike 1-1: Foul Ball, location: 2F 1-2: Ball 2-2: Strikes out swinging
|
Top of the 6th over - 0 runs, 0 hits, 0 errors, 0 left on base; Connecticut 2 - Minnesota (NYP) 1 |
BOTTOM OF THE 6TH |
Minnesota (NYP) Twins batting - Pitching for Connecticut Tigers : RHP T.J. McCullough
|
Batting: LHB Tomas Espino
|
0-0: Called Strike 0-1: Ball 1-1: SINGLE (Groundball, 4MS, EV 70.0 MPH) (infield hit)
|
Batting: SHB Chris Hull
|
0-0: Called Strike 0-1: Foul Ball, location: 2F 0-2: Grounds into double play, 5-6-3 (Groundball, 6, EV 89.4 MPH)
|
Batting: RHB David McClellan
|
0-0: Swinging Strike 0-1: SINGLE (Line Drive, 7LS, EV 98.1 MPH)
|
Batting: RHB Ryan Starks
|
0-0: Ball 1-0: Ball 2-0: Called Strike 2-1: Foul Ball, location: 2F 2-2: Ground out 5-3 (Groundball, 56S, EV 87.5 MPH)
|
Bottom of the 6th over - 0 runs, 2 hits, 0 errors, 1 left on base; Connecticut 2 - Minnesota (NYP) 1 |
TOP OF THE 7TH |
Connecticut Tigers batting - Pitching for Minnesota (NYP) Twins : LHP Willie Jimenez
|
Batting: RHB Kaleb Yerger
|
0-0: Ball 1-0: Ground out U3 (Groundball, 34, EV 93.1 MPH)
|
Pitching: LHP Bobby Shaw
|
|
Batting: SHB Eisse Wijnja
|
0-0: Called Strike 0-1: Ball 1-1: Ball 2-1: Ball 3-1: Ground out 6-3 (Groundball, 6, EV 87.5 MPH)
|
Batting: RHB Jonathan Ridgely
|
0-0: Called Strike 0-1: Ball 1-1: Called Strike 1-2: Ground out 5-3 (Groundball, 56, EV 80.0 MPH)
|
Top of the 7th over - 0 runs, 0 hits, 0 errors, 0 left on base; Connecticut 2 - Minnesota (NYP) 1 |
BOTTOM OF THE 7TH |
Minnesota (NYP) Twins batting - Pitching for Connecticut Tigers : RHP T.J. McCullough
|
Now at 3B: Zach Rose
|
|
Batting: LHB David Ramos
|
0-0: Ball 1-0: Swinging Strike 1-1: Swinging Strike 1-2: Ground out 6-3 (Groundball, 6S, EV 70.6 MPH)
|
Batting: RHB Willie Jimenez
|
0-0: Fly out, F9 (Flyball, 9LSF, EV 84.4 MPH)
|
Batting: LHB Jose Hilario
|
0-0: Swinging Strike 0-1: Ball 1-1: Ball 2-1: Fly out, F9 (Flyball, 89S, EV 88.1 MPH)
|
Bottom of the 7th over - 0 runs, 0 hits, 0 errors, 0 left on base; Connecticut 2 - Minnesota (NYP) 1 |
TOP OF THE 8TH |
Connecticut Tigers batting - Pitching for Minnesota (NYP) Twins : LHP Bobby Shaw
|
Batting: SHB Ian Arlotta
|
0-0: Called Strike 0-1: Ball 1-1: Ball 2-1: Foul Ball, location: 2F 2-2: Foul Ball, location: 2F 2-2: Foul Ball, location: 2F 2-2: Ball 3-2: Foul Ball, location: 2F 3-2: Foul Ball, location: 2F 3-2: Foul Ball, location: 2F 3-2: Base on Balls
|
Batting: RHB Janne Vihko
|
0-0: Ball 1-0: Foul Ball, location: 2F 1-1: Called Strike 1-2: Foul Ball, location: 2F 1-2: Ball 2-2: Strikes out swinging
|
Batting: RHB Tony Nunez
|
0-0: Foul Ball, location: 2F 0-1: Called Strike 0-2: Ground out 6-3 (Groundball, P, EV 82.5 MPH) Ian Arlotta to second
|
Batting: RHB Jaden Warrior
|
0-0: SINGLE (Groundball, 6D, EV 99.4 MPH) Ian Arlotta to third Runner from 3rd tries for Home, SAFE, throw by CF to home
|
Batting: RHB Gabe Higley
|
0-0: Ball 1-0: Foul Ball, location: 2F 1-1: Called Strike 1-2: Ball 2-2: Fly out, F8 (Flyball, 89D, EV 101.9 MPH)
|
Top of the 8th over - 1 run, 1 hit, 0 errors, 1 left on base; Connecticut 3 - Minnesota (NYP) 1 |
BOTTOM OF THE 8TH |
Minnesota (NYP) Twins batting - Pitching for Connecticut Tigers : RHP T.J. McCullough
|
Batting: RHB Caleb Bockmann
|
0-0: Called Strike 0-1: Foul Ball, location: 2F 0-2: Ground out 3-1 (Groundball, 13, EV 85.0 MPH)
|
Batting: RHB Tim Carter
|
0-0: Swinging Strike 0-1: Foul Ball, location: 2F 0-2: Ball 1-2: Foul Ball, location: 2F 1-2: Ball 2-2: SINGLE (Groundball, 5S, EV 56.2 MPH) (infield hit)
|
Batting: LHB Tomas Espino
|
0-0: Ball 1-0: Grounds into double play, 4-6-3 (Groundball, 34, EV 87.5 MPH)
|
Bottom of the 8th over - 0 runs, 1 hit, 0 errors, 0 left on base; Connecticut 3 - Minnesota (NYP) 1 |
TOP OF THE 9TH |
Connecticut Tigers batting - Pitching for Minnesota (NYP) Twins : LHP Bobby Shaw
|
Batting: LHB Zach Rose
|
0-0: Ball 1-0: Ball 2-0: Ground out 4-3 (Groundball, 4, EV 79.4 MPH)
|
Batting: RHB Kaleb Yerger
|
0-0: Ground out 6-3 (Groundball, 6, EV 84.4 MPH)
|
Batting: SHB Eisse Wijnja
|
0-0: Called Strike 0-1: Ball 1-1: Ball 2-1: SINGLE (Groundball, 34D, EV 100.0 MPH)
|
Pitching: RHP Andrew Rich
|
|
Batting: RHB Jonathan Ridgely
|
0-0: Ball 1-0: Foul Ball, location: 2F 1-1: Foul Ball, location: 2F 1-2: Ball 2-2: Strikes out swinging
|
Top of the 9th over - 0 runs, 1 hit, 0 errors, 1 left on base; Connecticut 3 - Minnesota (NYP) 1 |
BOTTOM OF THE 9TH |
Minnesota (NYP) Twins batting - Pitching for Connecticut Tigers : RHP T.J. McCullough
|
Batting: SHB Chris Hull
|
0-0: Called Strike 0-1: Ball 1-1: Foul Ball, location: 2F 1-2: Foul Ball, location: 2F 1-2: Ground out 3-1 (Groundball, 34S, EV 94.4 MPH)
|
Pinch Hitting: LHB Shaun Price
|
0-0: Ball 1-0: Ball 2-0: Swinging Strike 2-1: Fly out, F3 (Line Drive, 34, EV 103.8 MPH)
|
Batting: RHB Ryan Starks
|
0-0: SINGLE (Line Drive, 89S, EV 94.4 MPH)
|
Batting: LHB David Ramos
|
0-0: Ball 1-0: Ball 2-0: Called Strike 2-1: Ground out 4-3 (Groundball, 4, EV 87.5 MPH)
|
Bottom of the 9th over - 0 runs, 1 hit, 0 errors, 1 left on base; Connecticut 3 - Minnesota (NYP) 1 |
|